3AAA
FLORIDA MEN @ HIALEAH DODOS
06/14/2027
 
TOP OF THE 1ST
Florida Men batting - Pitching for Hialeah Dodos : RHP Lucas Begay
Pitching: RHP Lucas Begay
Batting: RHB Phil Baker 0-0: Called Strike
0-1: Ball
1-1: Ball
2-1: Ball
3-1: Swinging Strike
3-2: Ground out U3 (Groundball, 34S)
Batting: RHB Vojtech Farkas 0-0: Foul Ball, location: 2F
0-1: Ground out 6-3 (Groundball, 6)
Batting: RHB Al Thomas 0-0: Foul Ball, location: 2F
0-1: SINGLE (Groundball, 4MD)
Batting: LHB Bastyão Lizardo 0-0: SINGLE (Groundball, 6MD)
Al Thomas to second
Batting: RHB Pat Ings 0-0: Fly out, F6 (Line Drive, 6)
Top of the 1st over - 0 run(s), 2 hit(s), 0 error(s), 2 left on base; Florida 0 - Hialeah 0
BOTTOM OF THE 1ST
Hialeah Dodos batting - Pitching for Florida Men : LHP Gordon Wiggins
Pitching: LHP Gordon Wiggins
Batting: RHB Jorge Salgado 0-0: Ball
1-0: Called Strike
1-1: Ball
2-1: Called Strike
2-2: Foul Ball, location: 2F
2-2: DOUBLE (Line Drive, 7LM)
Batting: LHB Errol Levick 0-0: Called Strike
Jorge Salgado is caught stealing 3rd base
0-1: Ball
1-1: Foul Ball, location: 2F
1-2: Foul Ball, location: 2F
1-2: Ball
2-2: Ground out 4-3 (Groundball, 4)
Batting: RHB Vincente Rotham 0-0: Fly out, F9 (Flyball, 9S)
Bottom of the 1st over - 0 run(s), 1 hit(s), 0 error(s), 0 left on base; Florida 0 - Hialeah 0
TOP OF THE 2ND
Florida Men batting - Pitching for Hialeah Dodos : RHP Lucas Begay
Batting: RHB Lorenzo Díaz 0-0: Foul Ball, location: 2F
0-1: Swinging Strike
0-2: Ball
1-2: Ball
2-2: DOUBLE (Line Drive, 9LM)
Batting: SHB Luis Gutiérrez 0-0: Ball
1-0: Ball
2-0: DOUBLE (Groundball, 3L)
Lorenzo Díaz scores
Batting: RHB Mesa Altuve 0-0: Ball
1-0: Swinging Strike
1-1: Called Strike
1-2: SINGLE (Groundball, 34D)
Luis Gutiérrez to third
Runner from 3rd tries for Home, SAFE, throw made home
Mesa Altuve to second
Batting: RHB Jim Unknown 0-0: Swinging Strike
0-1: Foul Ball, location: 2F
0-2: Ball
1-2: SINGLE (Groundball, 25) (infield hit)
Mesa Altuve to third
Batting: RHB Phil Baker 0-0: Ball
1-0: Called Strike
1-1: Called Strike
1-2: Foul Ball, location: 2F
1-2: Strikes out swinging
Batting: RHB Vojtech Farkas 0-0: SINGLE (Groundball, 34D)
Mesa Altuve scores
Jim Unknown to second
Runner from 2nd tries for 3rd, SAFE, throw made to third
Vojtech Farkas to second
Batting: RHB Al Thomas 0-0: Called Strike
0-1: Foul Ball, location: 2F
0-2: Strikes out swinging
Batting: LHB Bastyão Lizardo 0-0: Fly out, F4 (Popup, 34)
Top of the 2nd over - 3 run(s), 5 hit(s), 0 error(s), 2 left on base; Florida 3 - Hialeah 0
BOTTOM OF THE 2ND
Hialeah Dodos batting - Pitching for Florida Men : LHP Gordon Wiggins
Batting: RHB Luis Jelarde 0-0: Ball
1-0: Called Strike
1-1: Ball
2-1: Fly out, F4 (Flyball, 34D)
Batting: RHB Pablo Trujillo 0-0: Ball
1-0: Ball
2-0: Ball
3-0: Called Strike
3-1: Swinging Strike
3-2: Strikes out swinging
Batting: SHB Javier Gonzáles 0-0: Ball
1-0: Called Strike
1-1: Ball
2-1: Ball
3-1: Base on Balls
Batting: SHB Luis Manuel Flores 0-0: Ball
1-0: Called Strike
1-1: Foul Ball, location: 2F
1-2: Foul Ball, location: 2F
1-2: Ball
Javier Gonzáles steals 2nd base
2-2: Fly out, F7 (Flyball, 7)
Bottom of the 2nd over - 0 run(s), 0 hit(s), 0 error(s), 1 left on base; Florida 3 - Hialeah 0
TOP OF THE 3RD
Florida Men batting - Pitching for Hialeah Dodos : RHP Lucas Begay
Batting: RHB Pat Ings 0-0: Ball
1-0: Foul Ball, location: 2F
1-1: Ball
2-1: Swinging Strike
2-2: Strikes out swinging
Batting: RHB Lorenzo Díaz 0-0: Called Strike
0-1: SINGLE (Line Drive, 56D)
Batting: SHB Luis Gutiérrez 0-0: Foul Ball, location: 2F
0-1: Grounds into double play, 1-4-3 (Groundball, 15S)
Top of the 3rd over - 0 run(s), 1 hit(s), 0 error(s), 0 left on base; Florida 3 - Hialeah 0
BOTTOM OF THE 3RD
Hialeah Dodos batting - Pitching for Florida Men : LHP Gordon Wiggins
Batting: LHB Curt Wilson 0-0: Called Strike
0-1: Foul Ball, location: 2F
0-2: Ball
1-2: Strikes out swinging
Batting: RHB Gerald Sims 0-0: Ball
1-0: Called Strike
1-1: SINGLE (Groundball, 5D)
Batting: RHB Jorge Salgado 0-0: Ball
1-0: Ball
2-0: Foul Ball, location: 2F
2-1: Foul Ball, location: 2F
2-2: Ball
3-2: Base on Balls
Gerald Sims to second
Batting: LHB Errol Levick 0-0: Ground out 3-1 (Groundball, 3S)
Gerald Sims to third
Jorge Salgado to second
Batting: RHB Vincente Rotham 0-0: Ball
1-0: Fly out, F4 (Line Drive, 4)
Bottom of the 3rd over - 0 run(s), 1 hit(s), 0 error(s), 2 left on base; Florida 3 - Hialeah 0
TOP OF THE 4TH
Florida Men batting - Pitching for Hialeah Dodos : LHP Jeff Burrell
Pitching: LHP Jeff Burrell
Batting: RHB Mesa Altuve 0-0: Fly out, F3 (Line Drive, 3)
Batting: RHB Jim Unknown 0-0: Fly out, F8 (Flyball, 8RM)
Batting: RHB Phil Baker 0-0: Ball
1-0: Ball
2-0: Called Strike
2-1: SINGLE (Flyball, 7LM) - OUT at second base trying to stretch hit.
Top of the 4th over - 0 run(s), 1 hit(s), 0 error(s), 0 left on base; Florida 3 - Hialeah 0
BOTTOM OF THE 4TH
Hialeah Dodos batting - Pitching for Florida Men : LHP Gordon Wiggins
Batting: RHB Luis Jelarde 0-0: SOLO HOME RUN (Flyball, 78XD), Distance : 420 ft
Batting: RHB Pablo Trujillo 0-0: Ball
1-0: Foul Ball, location: 2F
1-1: Foul Ball, location: 2F
1-2: Ball
2-2: Ground out 4-3 (Groundball, 34)
Batting: SHB Javier Gonzáles 0-0: Ball
1-0: Called Strike
1-1: Called Strike
1-2: Fly out, F4 (Popup, 3D)
Batting: SHB Luis Manuel Flores 0-0: Ball
1-0: Called Strike
1-1: Swinging Strike
1-2: Ball
2-2: Ball
3-2: Fly out, F7 (Flyball, 7S)
Bottom of the 4th over - 1 run(s), 1 hit(s), 0 error(s), 0 left on base; Florida 3 - Hialeah 1
TOP OF THE 5TH
Florida Men batting - Pitching for Hialeah Dodos : LHP Jeff Burrell
Batting: RHB Vojtech Farkas 0-0: Ground out 5-3 (Groundball, 5S)
Batting: RHB Al Thomas 0-0: Ball
1-0: Foul Ball, location: 2F
1-1: Called Strike
1-2: Ball
2-2: Ground out 6-3 (Groundball, 6)
Batting: LHB Bastyão Lizardo 0-0: Called Strike
0-1: Ground out 6-3 (Groundball, 6M)
Top of the 5th over - 0 run(s), 0 hit(s), 0 error(s), 0 left on base; Florida 3 - Hialeah 1
BOTTOM OF THE 5TH
Hialeah Dodos batting - Pitching for Florida Men : LHP Gordon Wiggins
Batting: LHB Curt Wilson 0-0: Ball
1-0: Ground out 5-3 (Groundball, 5)
Batting: RHB Gerald Sims 0-0: Ball
1-0: Called Strike
1-1: Foul Ball, location: 2F
1-2: Foul Ball, location: 2F
1-2: Ball
2-2: DOUBLE (Groundball, 5L)
Batting: RHB Jorge Salgado 0-0: Foul Ball, location: 2F
0-1: Ground out 6-3 (Groundball, 56)
Batting: LHB Errol Levick 0-0: Foul Ball, location: 2F
Error on foul ball, E5
0-2: Ball
1-2: Foul Ball, location: 2F
1-2: Ball
2-2: Foul Ball, location: 2F
2-2: Ball
3-2: Ground out 1-3 (Groundball, 13S)
Bottom of the 5th over - 0 run(s), 1 hit(s), 1 error(s), 1 left on base; Florida 3 - Hialeah 1
TOP OF THE 6TH
Florida Men batting - Pitching for Hialeah Dodos : LHP Jeff Burrell
Batting: RHB Pat Ings 0-0: Ground out 4-3 (Groundball, 4)
Batting: RHB Lorenzo Díaz 0-0: Ball
1-0: Ground out 5-3 (Groundball, 56S)
Batting: SHB Luis Gutiérrez 0-0: Ball
1-0: Called Strike
1-1: Ball
2-1: Called Strike
2-2: SOLO HOME RUN (Line Drive, 7LD), Distance : 351 ft
Batting: RHB Mesa Altuve 0-0: Fly out, F9 (Line Drive, 89S)
Top of the 6th over - 1 run(s), 1 hit(s), 0 error(s), 0 left on base; Florida 4 - Hialeah 1
BOTTOM OF THE 6TH
Hialeah Dodos batting - Pitching for Florida Men : LHP Gordon Wiggins
Batting: RHB Vincente Rotham 0-0: Ground out U3 (Groundball, 34)
Batting: RHB Luis Jelarde 0-0: Single, Error in OF, E8, batter to second base
Batting: RHB Pablo Trujillo 0-0: Foul Ball, location: 2F
0-1: Foul Ball, location: 2F
0-2: Foul Ball, location: 2F
0-2: Foul Ball, location: 2F
0-2: Ball
1-2: SINGLE (Groundball, 15S) (infield hit)
Luis Jelarde to third
Batting: SHB Javier Gonzáles 0-0: Ball
1-0: Ball
2-0: Fly out, F8 (Flyball, 8RD)
Runner from 3rd tags up, SCORES, no throw
Batting: SHB Luis Manuel Flores 0-0: Swinging Strike
0-1: Ball
1-1: Ball
2-1: Foul Ball, location: 2F
Pickoff Throw to First - Out!
Bottom of the 6th over - 1 run(s), 2 hit(s), 1 error(s), 0 left on base; Florida 4 - Hialeah 2
TOP OF THE 7TH
Florida Men batting - Pitching for Hialeah Dodos : LHP Jeff Burrell
Batting: RHB Jim Unknown 0-0: Foul Ball, location: 2F
0-1: Foul Ball, location: 2F
0-2: Ball
1-2: Strikes out looking
Batting: RHB Phil Baker 0-0: Swinging Strike
0-1: Ball
1-1: Called Strike
1-2: Ball
2-2: Strikes out looking
Batting: RHB Vojtech Farkas 0-0: Ball
1-0: Ball
2-0: SINGLE (Line Drive, 89S)
Batting: RHB Al Thomas 0-0: Ball
1-0: Fly out, F8 (Flyball, 8RD)
Top of the 7th over - 0 run(s), 1 hit(s), 0 error(s), 1 left on base; Florida 4 - Hialeah 2
BOTTOM OF THE 7TH
Hialeah Dodos batting - Pitching for Florida Men : LHP Gordon Wiggins
Batting: SHB Luis Manuel Flores 0-0: Called Strike
0-1: Ball
1-1: Swinging Strike
1-2: Ground out 4-3 (Groundball, 4MS)
Batting: LHB Curt Wilson 0-0: Called Strike
0-1: SINGLE (Groundball, 25) (infield hit)
Batting: RHB Gerald Sims 0-0: Called Strike
0-1: Ball
1-1: Fly out, F8 (Flyball, 8RM)
Batting: RHB Jorge Salgado 0-0: Ball
1-0: Ball
2-0: Called Strike
2-1: Fly out, F9 (Flyball, 9S)
Bottom of the 7th over - 0 run(s), 1 hit(s), 0 error(s), 1 left on base; Florida 4 - Hialeah 2
TOP OF THE 8TH
Florida Men batting - Pitching for Hialeah Dodos : LHP Jeff Burrell
Batting: LHB Bastyão Lizardo 0-0: Ground out 6-3 (Groundball, 6S)
Batting: RHB Pat Ings 0-0: Ground out 6-3 (Groundball, 6)
Batting: RHB Lorenzo Díaz 0-0: Ball
1-0: Foul Ball, location: 2F
1-1: Called Strike
1-2: Foul Ball, location: 2F
1-2: Ball
2-2: SINGLE (Groundball, 56S) (infield hit)
Batting: SHB Luis Gutiérrez 0-0: Called Strike
0-1: Ball
1-1: Swinging Strike
1-2: SINGLE (Groundball, 6D)
Lorenzo Díaz to second
Pinch Hitting: RHB Freddy Carea 0-0: Ball
1-0: Ball
2-0: Ground out 3-1 (Groundball, 3D)
Top of the 8th over - 0 run(s), 2 hit(s), 0 error(s), 2 left on base; Florida 4 - Hialeah 2
BOTTOM OF THE 8TH
Hialeah Dodos batting - Pitching for Florida Men : LHP Gordon Wiggins
Pitching: LHP Jim Unknown
Now at SS: Israel Sanders
Batting: LHB Errol Levick 0-0: Called Strike
0-1: Fly out, F8 (Flyball, 8RD)
Batting: RHB Vincente Rotham 0-0: Ball
1-0: Fly out, F7 (Flyball, 7)
Batting: RHB Luis Jelarde 0-0: Ball
1-0: Called Strike
1-1: Foul Ball, location: 2F
1-2: Ball
2-2: Ball
3-2: Foul Ball, location: 2F
3-2: Foul Ball, location: 2F
3-2: SINGLE (Groundball, 6MD)
Batting: RHB Pablo Trujillo 0-0: Foul Ball, location: 2F
0-1: Fly out, F7 (Flyball, 7S)
Bottom of the 8th over - 0 run(s), 1 hit(s), 0 error(s), 1 left on base; Florida 4 - Hialeah 2
TOP OF THE 9TH
Florida Men batting - Pitching for Hialeah Dodos : LHP Jeff Burrell
Pitching: RHP Earnest Casey
Batting: RHB Jim Unknown 0-0: Called Strike
0-1: Foul Ball, location: 2F
0-2: Ball
1-2: Ground out 6-3 (Groundball, 6)
Batting: RHB Phil Baker 0-0: Ball
1-0: Swinging Strike
1-1: Called Strike
1-2: Foul Ball, location: 2F
1-2: Ball
2-2: Foul Ball, location: 2F
2-2: Strikes out swinging
Batting: RHB Vojtech Farkas 0-0: Ball
1-0: Fly out, F8 (Flyball, 8RD)
Top of the 9th over - 0 run(s), 0 hit(s), 0 error(s), 0 left on base; Florida 4 - Hialeah 2
BOTTOM OF THE 9TH
Hialeah Dodos batting - Pitching for Florida Men : LHP Jim Unknown
Batting: SHB Javier Gonzáles 0-0: Foul Ball, location: 2F
0-1: Foul Ball, location: 2F
0-2: Ball
1-2: Strikes out looking
Batting: SHB Luis Manuel Flores 0-0: Swinging Strike
0-1: Ground out 4-3 (Groundball, 4)
Batting: LHB Curt Wilson 0-0: Called Strike
0-1: Ball
1-1: Ball
2-1: Ground out 3-1 (Groundball, 34)
Bottom of the 9th over - 0 run(s), 0 hit(s), 0 error(s), 0 left on base; Florida 4 - Hialeah 2
Saturday, May 26th, 2018 - OOTP Baseball 17.12 Build 75